Map: Чистота и производство РВ

Players

immOrTaL - Winner!

  • Race: Zerg Zerg
  • League: Platinum
  • Spawn Location: 3:00

LoliChan

  • Race: Terran Terran
  • League: Platinum
  • Spawn Location: 12:00

VOD

Have the link to the VOD?

Description

Time

  • Played on: March 27, 2020, 1:51 p.m.
  • Length: 18:04
Show
View Real Time Build Order
Export as new Build Order

immOrTaL Zerg - Winner!

Build Orders: Hatch First 

Get SALT Encoding   

  12  0:04  Drone  
  13  0:17  Drone  
  14  0:24  Overlord  
  14  0:43  Drone x2  
  16  1:00  Hatchery, Drone x2  
  17  1:05  Drone  
  17  1:08  Extractor  
  17  1:28  Spawning Pool  
  16  1:33  Drone x2  
  18  1:45  Drone  
  19  2:06  Drone x2  
  21  2:11  Overlord  
  21  2:13  Drone  
  22  2:16  Queen x2  
  27  2:22  Zergling x2  
  27  2:29  Drone  
  28  2:43  Metabolic Boost  
  28  2:47  Overlord  
  28  2:48  Hatchery  
  27  2:56  Drone  
  27  2:58  Overlord  
  28  3:07  Drone x4  
  32  3:15  Drone  
  32  3:19  Lair  
  33  3:23  Drone  
  33  3:24  Drone  
  35  3:35  Evolution Chamber  
  35  3:36  Evolution Chamber  
  35  3:40  Pneumatized Carapace  
  33  3:41  Drone  
  33  3:42  Drone x2  
  37  3:55  Drone  
  37  3:56  Drone x4  
  37  4:01  Drone x2  
  43  4:08  Zergling x4  
  43  4:09  Zergling x8  
  49  4:19  Spore Crawler  
  49  4:22  Zergling x4  
  48  4:47  Overseer  
  48  4:55  Spore Crawler  
  47  5:00  Drone x2  
  47  5:02  Overlord x2  
  49  5:09  Spore Crawler  
  48  5:26  Drone x9  
  57  5:28  Queen  
  58  5:51  Zergling x14  
  58  5:53  Hydralisk Den  
  58  5:54  Zerg Missile Weapons Level 1  
  58  5:56  Zerg Ground Armor Level 1  
  64  6:06  Overlord x2  
  64  6:14  Overlord x2  
  64  6:16  Extractor  
  64  6:18  Extractor  
  62  6:19  Extractor  
  62  6:23  Overlord x2  
  61  6:30  Drone x5  
  66  6:43  Drone  
  66  6:44  Drone x5  
  66  6:46  Hatchery  
  71  6:58  Hydralisk  
  71  6:59  Hydralisk x4  
  80  7:31  Drone x3  
  80  7:32  Drone x2  
  85  7:51  Grooved Spines  
  85  7:53  Drone x2  
  85  7:54  Drone x4  
  91  8:19  Hydralisk x7  
  93  8:20  Hydralisk x3  
  93  8:24  Zerg Missile Weapons Level 2  
  111  8:29  Extractor  
  111  8:30  Extractor  
  109  8:39  Drone x2  
  109  8:41  Overlord x3  
  111  8:45  Overlord  
  111  8:46  Overlord  
  111  8:55  Infestation Pit  
  110  8:59  Zerg Ground Armor Level 2  
  110  9:02  Muscular Augments  
  110  9:07  Baneling Nest  
  109  9:14  Drone x6  
  109  9:15  Drone x7  
  122  9:22  Hydralisk  
  122  9:23  Hydralisk x3  
  130  9:33  Hive  
  130  9:34  Hydralisk x4  
  138  9:43  Extractor  
  138  9:45  Extractor  
  136  9:57  Hydralisk  
  136  9:58  Hydralisk x6  
  150  10:34  Zergling x2  
  151  10:36  Baneling x3  
  151  10:37  Baneling x3  
  151  10:38  Baneling x3, Centrifical Hooks  
  151  10:50  Zerg Missile Weapons Level 3  
  151  10:53  Overlord x3  
  151  10:54  Overlord x2  
  143  11:06  Zergling x6  
  143  11:07  Zergling x12  
  152  11:17  Zergling x2  
  152  11:18  Overseer, Zergling x20  
  163  11:20  Zerg Ground Armor Level 3  
  163  11:23  Queen  
  165  11:45  Zergling x2  
  165  11:46  Zergling x18  
  134  12:29  Zergling x2  
  131  12:30  Zergling x28  
  145  12:40  Zergling x4  
  128  13:17  Hydralisk x15  
  130  13:26  Zergling x2  
  111  13:29  Hydralisk x3  
  116  13:39  Hydralisk x2, Hatchery  
  119  13:44  Zergling x2  
  119  13:45  Zergling x2  
  121  13:55  Hydralisk x2  
  121  13:56  Hydralisk x2  
  129  14:03  Spire  
  129  14:04  Hydralisk x6  
  129  14:05  Hatchery  
  139  14:22  Hydralisk  
  139  14:23  Hydralisk x9  
  158  14:36  Viper  
  158  14:37  Viper x2  
  167  14:39  Hatchery  
  166  14:49  Overlord  
  166  14:50  Overlord x2  
  166  15:05  Viper x2  
  172  15:18  Hydralisk  
  172  15:19  Hydralisk x12  
  198  16:00  Baneling  
  198  16:01  Baneling x4  
  170  16:38  Hydralisk x15  
  193  17:22  Hydralisk x12  
  153  17:23  Hydralisk x15  
Show
View Real Time Build Order
Export as new Build Order

LoliChan Terran 

Build Orders: 2 Factory, Mech 

Get SALT Encoding   

  12  0:05  SCV  
  13  0:17  SCV  
  13  0:19  Supply Depot  
  14  0:28  Refinery  
  14  0:29  SCV  
  15  0:42  Barracks  
  15  0:45  SCV  
  16  0:58  SCV  
  17  1:08  Refinery  
  17  1:10  SCV  
  18  1:22  SCV  
  19  1:34  SCV  
  19  1:39  Factory  
  20  1:42  Marine  
  20  1:46  SCV  
  23  2:03  Orbital Command  
  22  2:23  Command Center  
  22  2:37  Starport  
  22  3:02  Factory Tech Lab  
  22  3:12  Factory  
  22  3:13  Starport Tech Lab  
  22  3:28  Supply Depot  
  22  3:35  Siege Tank  
  22  3:37  Orbital Command  
  22  3:38  SCV  
  22  3:39  Factory  
  26  3:47  Banshee  
  29  3:57  Factory Tech Lab  
  29  4:06  SCV x2  
  31  4:18  SCV x2  
  31  4:23  Starport  
  31  4:24  Factory Tech Lab  
  33  4:30  SCV x2  
  35  4:42  SCV x2  
  37  5:05  Starport Reactor  
  37  5:08  Armory  
  37  5:21  Armory  
  37  5:24  Cyclone  
  37  5:26  Cyclone  
  43  5:30  SCV x2  
  43  5:31  Refinery  
  43  5:32  Refinery  
  45  5:42  SCV x2  
  44  5:49  Command Center  
  44  5:52  Medivac  
  46  6:36  Terran Vehicle And Ship Armor Level 1, Terran Vehicle Weapons Level 1  
  46  6:44  Barracks  
  46  6:46  Engineering Bay, Barracks  
  46  6:47  Engineering Bay, Starport Reactor  
  46  6:59  Supply Depot  
  46  7:00  Supply Depot  
  46  7:01  SCV x2, Orbital Command  
  48  7:13  SCV x2  
  50  7:17  Terran Infantry Weapons Level 1  
  50  7:19  Terran Infantry Armor Level 1  
  50  7:25  SCV x2  
  50  7:26  Medivac x2  
  50  7:28  Medivac  
  58  7:37  Medivac  
  60  7:38  Command Center  
  60  7:39  Barracks Reactor  
  60  7:40  Hellion x3  
  66  8:06  Siege Tank x2  
  72  8:15  Barracks  
  72  8:16  Barracks  
  72  8:18  Barracks Reactor x2  
  72  8:19  Marine  
  72  8:20  Marine  
  74  8:36  Supply Depot  
  74  8:37  Supply Depot  
  74  8:39  Marine x2  
  76  8:53  Siege Tank x2  
  76  8:54  Siege Tank  
  85  8:56  Orbital Command  
  85  8:57  Marine x2  
  87  9:10  Marine x5  
  87  9:12  Barracks Tech Lab  
  87  9:13  Barracks  
  92  9:31  SCV  
  92  9:32  SCV x2  
  95  9:44  SCV x3  
  98  9:47  Supply Depot  
  98  9:55  Barracks Reactor  
  98  9:56  SCV x3, Stimpack  
  98  9:57  Combat Shield  
  98  9:59  Marine x3  
  102  10:00  Marine x2  
  102  10:03  Terran Infantry Armor Level 2  
  102  10:04  Terran Infantry Weapons Level 2  
  106  10:08  SCV x2  
  106  10:09  SCV  
  106  10:13  Marine  
  110  10:20  SCV  
  111  10:22  Supply Depot  
  111  10:23  Supply Depot  
  111  10:25  Barracks  
  111  10:33  Barracks Reactor  
  111  10:45  Factory Reactor  
  111  10:47  Terran Vehicle And Ship Armor Level 2, Terran Vehicle Weapons Level 2  
  111  10:50  Marine x6  
  117  10:58  Command Center  
  117  11:07  Medivac x2  
  121  11:19  Supply Depot  
  121  11:25  Hellion x4  
  131  11:26  Hellion  
  131  11:27  Barracks Tech Lab  
  131  11:29  Marine  
  131  11:30  Marine  
  133  11:35  Supply Depot  
  133  11:37  Supply Depot  
  133  11:39  Marine x6  
  133  11:40  SCV  
  133  11:41  SCV x2  
  133  11:46  Hellion  
  144  11:47  Marine x4  
  144  11:48  Marine  
  92  12:24  Marine x11  
  92  12:26  Siege Tank  
  92  12:28  Hellion x3  
  92  12:29  Hellion  
  110  12:32  Refinery  
  110  12:39  Medivac x2  
  110  12:41  Marine  
  110  12:42  Marine x2  
  117  12:45  Terran Infantry Armor Level 3  
  117  12:58  Siege Tank  
  85  13:34  SCV  
  85  13:35  SCV x2  
  85  13:38  Marine  
  85  13:39  Marine x10  
  99  13:46  SCV  
  99  13:47  SCV x2  
  102  13:56  Marine  
  102  13:57  Marine x5  
  102  13:58  SCV  
  102  13:59  Marine x5, SCV x2  
  116  14:10  SCV, Refinery  
  116  14:11  SCV x2  
  116  14:12  Planetary Fortress  
  116  14:14  Marine  
  116  14:15  Marine x3  
  123  14:22  Marine x6  
  123  14:23  SCV x3  
  127  14:30  Medivac x3  
  132  14:32  Medivac  
  134  14:42  Siege Tank x2  
  140  14:55  SCV x3, Refinery  
  140  14:56  Refinery  
  143  15:01  Medivac x3  
  143  15:03  Marine  
  143  15:04  Marine x5  
  143  15:05  Marine  
  156  15:11  Terran Infantry Weapons Level 3  
  156  15:17  Terran Vehicle Weapons Level 3  
  156  15:23  Siege Tank  
  156  15:24  Siege Tank  
  162  15:31  Supply Depot  
  162  15:34  Supply Depot x2  
  164  15:50  Hellion x2  
  164  15:52  Marine x2  
  164  15:53  Marine  
  164  15:55  Siege Tank  
  164  15:56  Siege Tank  
  175  15:59  Supply Depot  
  177  16:11  Hellion x2  
  177  16:14  Marine x7  
  177  16:15  Marine x5  
  136  16:31  Marine  
  136  16:32  Marine x7  
  131  16:33  Marine x4  
  131  16:38  Siege Tank x2  
  126  16:49  Marine x2  
  126  16:50  Marine x7  
  126  16:51  Marine x3  
  108  17:07  Marine x3  
  108  17:08  Marine x5  
  95  17:10  Siege Tank x2  
  45  17:33  Hellion  
  45  17:34  Marine x5  
  45  17:35  Marine x7  
Tags
 
Add a new tag
Caveats
  • Supply blocks, unpowered buildings, or Contaminate may cause inaccurate times.
  • Supply counts are checked every 10 seconds.